 Dungeon Crawl Stone Soup version 0.22-a0-305-gd21a89c (webtiles) character file.

15592 grindst0ne the Martial Artist (level 12, -11/91 HPs)
             Began as a Gnoll Transmuter on Mar 28, 2018.
             Was an Elder of Ru.
             Mangled by a skeletal warrior
             ... wielding a +0 long sword
             ... led by a skeletal warrior
              (21 damage)
             ... on level 13 of the Dungeon.
             The game lasted 00:40:50 (16244 turns).

grindst0ne the Martial Artist (Gnoll Transmuter)   Turns: 16244, Time: 00:40:51

Health: -11/91     AC:  2    Str: 17    XL:     12   Next: 28%
Magic:  24/24      EV: 29    Int: 17    God:    Ru [****..]
Gold:   310        SH:  4    Dex: 22    Spells: 5/28 levels left

rFire    . . .     SeeInvis .     - Unarmed
rCold    . . .     Gourm    .   (shield currently unavailable)
rNeg     . . .     Faith    .   (armour currently unavailable)
rPois    .         Spirit   .   (helmet currently unavailable)
rElec    .         Reflect  +   (cloak currently unavailable)
rCorr    .         Harm     .   (gloves currently unavailable)
MR       .....                  (boots currently unavailable)
Stlth    ++++......             h - +4 amulet of reflection
HPRegen  0.25/turn              z - +2 ring of strength
MPRegen  0.19/turn              B - ring of poison resistance

@: exhausted, spider-form, no potions, drained
A: tiny, distributed training, inability to drink while threatened, inability to
use devices, strong nose
a: End Transformation, Draw Out Power, Power Leap, Renounce Religion


You were on level 13 of the Dungeon.
You worshipped Ru.
Ru was greatly pleased with you.
You were hungry.
You were a venomous arachnid creature.
You visited 2 branches of the dungeon, and saw 14 of its levels.

You collected 733 gold pieces.
You spent 423 gold pieces at shops.

Inventory:

Hand Weapons
 y - a +1 falchion of electrocution
 K - a +0 blowgun
 N - a +0 broad axe
 O - a +3 war axe
 Q - a +2 dagger of venom
Missiles
 a - 238 arrows
 o - 11 tomahawks (quivered)
 q - 11 javelins
 r - 32 poisoned needles
 V - a throwing net
Armour
 b - a +0 robe (melded)
 w - a cursed +0 pair of gloves (melded)
Magical Staves
 T - an uncursed staff of poison {unknown}
 U - an uncursed staff of power (melded)
Jewellery
 h - a +4 amulet of reflection (around neck)
 v - an uncursed ring of resist corrosion
 z - a +2 ring of strength (left front leg)
 B - a ring of poison resistance (right front leg)
 D - a cursed amulet of inaccuracy {unknown}
 R - the ring of Psychosis {rPois rN+ MR+ Int-5 Dex+2}
   (You bought it in a shop on level 8 of the Dungeon)

   [ring of dexterity]

   It affects your intelligence (-5).
   It affects your dexterity (+2).
   It protects you from poison.
   It protects you from negative energy.
   It affects your resistance to hostile enchantments.
Scrolls
 n - 2 scrolls of enchant armour {unknown}
 p - 7 scrolls of remove curse
 x - a scroll of fog {unknown}
 A - 4 scrolls of blinking
 C - 2 scrolls of amnesia {unknown}
 G - a scroll of enchant weapon
 P - a scroll of brand weapon
 W - 2 scrolls of teleportation
Potions
 c - a potion of ambrosia {unknown}
 e - 3 potions of heal wounds
 f - 4 potions of curing
 g - 3 potions of agility
 k - 2 potions of mutation
 l - 2 potions of lignification
 s - 6 potions of brilliance
 u - 4 potions of flight
 J - a potion of might
 S - 2 potions of magic
Comestibles
 d - 19 rations


   Skills:
 + Level 7.5(7.1) Fighting
 + Level 7.0(6.6) Short Blades
 + Level 7.0(6.6) Long Blades
 + Level 7.0(6.6) Axes
 + Level 7.0(6.6) Maces & Flails
 + Level 7.0(6.6) Polearms
 + Level 7.0(6.6) Staves
 + Level 7.0(6.6) Slings
 + Level 7.0(6.6) Bows
 + Level 7.0(6.6) Crossbows
 + Level 7.0(6.6) Throwing
 + Level 7.0(6.6) Armour
 + Level 8.5(8.1) Dodging
 + Level 7.0(6.6) Stealth
 + Level 7.0(6.6) Shields
 + Level 9.6(9.2) Unarmed Combat
 + Level 8.7(8.3) Spellcasting
 + Level 5.8(5.4) Conjurations
 + Level 5.8(5.4) Hexes
 + Level 5.8(5.4) Charms
 + Level 5.8(5.4) Summonings
 + Level 5.8(5.4) Necromancy
 + Level 5.8(5.4) Translocations
 + Level 7.0(6.7) Transmutations
 + Level 5.8(5.4) Fire Magic
 + Level 5.8(5.4) Ice Magic
 + Level 5.8(5.4) Air Magic
 + Level 5.8(5.4) Earth Magic
 + Level 5.8(5.4) Poison Magic
 + Level 7.7(7.3) Invocations
   Level 0.0 Evocations


You had 5 spell levels left.
You knew the following spells:

 Your Spells              Type           Power        Failure   Level  Hunger
a - Beastly Appendage     Tmut           ####..       4%          1    None
b - Sticks to Snakes      Tmut           ####....     4%          2    None
c - Spider Form           Tmut/Pois      ####......   10%         3    #......
d - Blade Hands           Tmut           ####......   36%         5    #####..
e - Regeneration          Chrm/Necr      ####......   11%         3    #......
f - Summon Lightning Spi  Summ/Air       ####....     26%         4    ###....
g - Lee's Rapid Deconstr  Erth           ####......   50%         5    #####..


Dungeon Overview and Level Annotations

Branches:
Dungeon (13/15)            Temple (1/1) D:6            Lair (0/6) D:10
    Orc (0/2) D:12
 Vaults: D:13-14

Altars:
Ashenzari
Dithmenos
Elyvilon
Fedhas
Gozag
Hepliaklqana
Kikubaaqudgha
Makhleb
Nemelex Xobeh
Okawaru
Qazlal
Ru
Sif Muna
Trog
Uskayaw
Vehumet
Wu Jian
Xom
Yredelemnul
Zin
The Shining One

Shops:
D:5 :   D:8 *   D:10 ?

Annotations:
D:7 1 transporter
D:8 exclusion: downstairs


Innate Abilities, Weirdness & Mutations

Your experience applies equally to all skills.
((You have very sharp teeth.))
You cannot drink potions while threatened.
You cannot study or use magical devices.
Your uncanny sense of smell can sniff out nearby items.


Message History

The skeletal warrior is severely damaged.
The skeletal warrior hits you with a long sword.
You barely miss the skeletal warrior.
The skeletal warrior is severely damaged.
You closely miss the skeletal warrior.
The skeletal warrior is severely damaged.
The skeletal warrior hits you with a long sword!!
* * * LOW HITPOINT WARNING * * *
Your lightning spire shoots out a bolt of lightning at the skeletal warrior!
The bolt of electricity hits the skeletal warrior.
You hit the skeletal warrior but do no damage.
The skeletal warrior is almost destroyed.
The skeletal warrior completely misses you.
Your lightning spire shoots out a bolt of lightning at the skeletal warrior!
The bolt of electricity hits the skeletal warrior.
You strike the helpless skeletal warrior from behind!
You hit the skeletal warrior.
The skeletal warrior is almost destroyed.
The skeletal warrior hits you with a long sword!!
You die...

###.####### ..... #..#
z.. ##.# #'# #.#
#.#### #.# #....#
####'### #######'##
#......### #..^.....#
#......'8####/.......#
+.)....#sz..'........#
#......######........#
######## ######'###
#.# #.# #.# #.# #.#
...


You could see a skeletal warrior and a friendly lightning spire.

Vanquished Creatures
  Rupert (D:12)
  The ghost of Nib the Skirmisher, a novice DsGl of Okawaru (D:9)
  Nergalle (D:12)
  A skeletal warrior (D:13)
  An ugly thing (D:11)
  A manticore (D:11)
  A centaur zombie (D:11)
  2 gargoyles
  A kobold demonologist (D:12)
  A troll (D:10)
  5 hippogriffs
  The ghost of whitenoisemaker the Cudgeler, an amateur TrMo (D:3)
  17 yaks
  A wyvern (D:12)
  A hungry ghost (D:12)
  3 vampire mosquitoes (D:12)
  An acid dragon (D:11)
  Duvessa (D:5)
  3 ice beasts
  A hornet zombie (D:8)
  3 orc warriors
  A necrophage (D:10)
  4 sky beasts
  5 ogres
  4 phantoms
  4 centaurs
  Blork the orc (D:6)
  7 bullfrogs
  2 wyvern zombies
  A water moccasin skeleton (D:6)
  Dowan (D:5)
  2 scorpions
  14 killer bees
  11 wights
  2 howler monkeys (D:9)
  3 crimson imps
  5 hounds
  2 jellies
  3 bullfrog zombies
  7 orc priests
  5 centaur skeletons
  A gnoll shaman (D:5)
  9 orc wizards
  A bullfrog skeleton (D:12)
  2 iguanas
  3 worker ants
  3 killer bee zombies
  2 worker ant zombies
  9 gnolls
  10 adders
  6 shadow imps
  3 oozes
  5 adder skeletons
  An adder zombie (D:7)
  2 worms
  A dart slug (D:2)
  6 leopard geckos
  44 orcs
  7 giant cockroaches
  4 goblins
  4 hobgoblins
  4 kobolds
  8 quokkas
  8 bats
  5 frilled lizards
  A jackal skeleton (D:4)
  A leopard gecko skeleton (D:7)
  A leopard gecko zombie (D:6)
  8 rats
291 creatures vanquished.

Vanquished Creatures (collateral kills)
  A skeletal warrior (D:13)
  2 wights (D:12)
3 creatures vanquished.

Vanquished Creatures (others)
  A centaur (D:6)
  A worker ant (D:6)
2 creatures vanquished.

Grand Total: 296 creatures vanquished

Notes
Turn   | Place    | Note
-------+----------+-------------------------------------------
     0 | D:1      | grindst0ne the Gnoll Transmuter began the quest for the Orb.
     0 | D:1      | Reached XP level 1. HP: 17/17 MP: 6/6
   194 | D:1      | Reached XP level 2. HP: 22/23 MP: 7/7
   509 | D:1      | Learned a level 2 spell: Sticks to Snakes
  1125 | D:2      | Reached skill level 5 in Spellcasting
  1125 | D:2      | Reached XP level 3. HP: 22/28 MP: 6/9
  1522 | D:2      | Reached skill level 1 in Invocations
  1705 | D:2      | Reached skill level 1 in Short Blades
  1705 | D:2      | Reached skill level 1 in Long Blades
  1705 | D:2      | Reached skill level 1 in Axes
  1705 | D:2      | Reached skill level 1 in Maces & Flails
  1705 | D:2      | Reached skill level 1 in Polearms
  1705 | D:2      | Reached skill level 1 in Staves
  1705 | D:2      | Reached skill level 1 in Slings
  1705 | D:2      | Reached skill level 1 in Bows
  1705 | D:2      | Reached skill level 1 in Crossbows
  1705 | D:2      | Reached skill level 1 in Throwing
  1705 | D:2      | Reached skill level 1 in Armour
  1705 | D:2      | Reached skill level 1 in Stealth
  1705 | D:2      | Reached skill level 1 in Shields
  1705 | D:2      | Reached skill level 1 in Evocations
  1783 | D:3      | Reached XP level 4. HP: 25/34 MP: 11/11
  1846 | D:3      | Learned a level 3 spell: Spider Form
  1976 | D:3      | Noticed whitenoisemaker's ghost (amateur TrMo)
  1989 | D:3      | Killed whitenoisemaker's ghost
  1989 | D:3      | Reached skill level 1 in Conjurations
  1989 | D:3      | Reached skill level 1 in Hexes
  1989 | D:3      | Reached skill level 1 in Charms
  1989 | D:3      | Reached skill level 1 in Summonings
  1989 | D:3      | Reached skill level 1 in Necromancy
  1989 | D:3      | Reached skill level 1 in Translocations
  1989 | D:3      | Reached skill level 1 in Fire Magic
  1989 | D:3      | Reached skill level 1 in Ice Magic
  1989 | D:3      | Reached skill level 1 in Air Magic
  1989 | D:3      | Reached skill level 1 in Earth Magic
  1989 | D:3      | Reached skill level 1 in Poison Magic
  1989 | D:3      | Reached XP level 5. HP: 29/41 MP: 9/12
  2190 | D:3      | Reached XP level 6. HP: 47/47 MP: 11/13
  2347 | D:3      | Found a radiant altar of Vehumet.
  2408 | D:4      | Noticed a sky beast
  2417 | D:4      | Killed a sky beast
  2417 | D:4      | Reached skill level 5 in Dodging
  2697 | D:4      | Learned a level 5 spell: Blade Hands
  2760 | D:4      | Reached XP level 7. HP: 52/52 MP: 13/15
  3084 | D:4      | Reached skill level 7 in Unarmed Combat
  4011 | D:5      | Entered Level 5 of the Dungeon
  4026 | D:5      | Reached XP level 8. HP: 60/60 MP: 10/16
  4167 | D:5      | Found an iron altar of Okawaru.
  4747 | D:5      | Noticed Dowan
  4751 | D:5      | Found a stormy altar of Qazlal.
  4751 | D:5      | Noticed Duvessa
  4762 | D:5      | Killed Dowan
  4766 | D:5      | Killed Duvessa
  4770 | D:5      | Found a basalt altar of Yredelemnul.
  4773 | D:5      | Found a sparkling altar of Nemelex Xobeh.
  4775 | D:5      | Found an iron altar of Okawaru.
  5166 | D:5      | Found Afes's Book Boutique.
  5446 | D:6      | Found a staircase to the Ecumenical Temple.
  5486 | D:6      | Reached XP level 9. HP: 29/66 MP: 15/18
  5768 | D:6      | Reached skill level 5 in Transmutations
  6853 | D:6      | Noticed Blork the orc
  6862 | D:6      | Killed Blork the orc
  7213 | D:7      | Reached skill level 5 in Fighting
  7808 | D:7      | Reached skill level 8 in Unarmed Combat
  8301 | D:7      | Found a transporter.
  8502 | D:7      | Reached skill level 5 in Invocations
  9314 | D:8      | Found Syptuv's Assorted Antiques.
  9320 | D:8      | Bought a transparent bone ring for 160 gold pieces
  9321 | D:8      | Identified the ring of Psychosis {rPois rN+ MR+ Int-5 Dex+2} (You bought it in a shop on level 8 of the Dungeon)
  9408 | D:8      | Reached XP level 10. HP: 49/74 MP: 16/20
  9733 | D:8      | Found a sacrificial altar of Ru.
  9820 | Temple   | Entered the Ecumenical Temple
  9959 | Temple   | Became a worshipper of Ru the Awakened
 10379 | D:9      | Reached skill level 5 in Short Blades
 10379 | D:9      | Reached skill level 5 in Long Blades
 10379 | D:9      | Reached skill level 5 in Axes
 10379 | D:9      | Reached skill level 5 in Maces & Flails
 10379 | D:9      | Reached skill level 5 in Polearms
 10379 | D:9      | Reached skill level 5 in Staves
 10379 | D:9      | Reached skill level 5 in Slings
 10379 | D:9      | Reached skill level 5 in Bows
 10379 | D:9      | Reached skill level 5 in Crossbows
 10379 | D:9      | Reached skill level 5 in Throwing
 10379 | D:9      | Reached skill level 5 in Armour
 10379 | D:9      | Reached skill level 5 in Stealth
 10379 | D:9      | Reached skill level 5 in Shields
 10379 | D:9      | Reached skill level 5 in Evocations
 10766 | D:9      | Found a shattered altar of Ashenzari.
 10798 | D:9      | Found an opulent altar of Gozag.
 10800 | D:9      | Found a deep blue altar of Sif Muna.
 10845 | D:9      | Noticed Nib's ghost (novice DsGl)
 11126 | D:9      | Learned a level 3 spell: Regeneration
 11903 | D:9      | Killed Nib's ghost
 12099 | D:10     | Entered Level 10 of the Dungeon
 12155 | D:10     | Learned a level 4 spell: Summon Lightning Spire
 12161 | D:10     | Learned a level 5 spell: Lee's Rapid Deconstruction
 12162 | D:10     | Found a blossoming altar of Fedhas.
 12263 | D:10     | Gained mutation: You cannot drink potions while threatened. [Ru sacrifice]
 12263 | D:10     | Reached * piety under Ru
 12324 | D:10     | Found Agamuom's Magic Scroll Emporium.
 12346 | D:10     | Bought a scroll of blinking for 82 gold pieces
 12346 | D:10     | Bought a scroll of teleportation for 33 gold pieces
 12346 | D:10     | Bought a scroll of blinking for 82 gold pieces
 12346 | D:10     | Bought a scroll of teleportation for 33 gold pieces
 12346 | D:10     | Bought a scroll of teleportation for 33 gold pieces
 12373 | D:10     | Found a staircase to the Lair.
 12378 | D:10     | Noticed a gargoyle
 12382 | D:10     | Killed a gargoyle
 12525 | D:10     | Reached XP level 11. HP: 73/82 MP: 20/22
 13175 | D:11     | Noticed a manticore
 13182 | D:11     | Killed a manticore
 13371 | D:11     | Reached skill level 9 in Unarmed Combat
 13545 | D:11     | Reached skill level 5 in Conjurations
 13545 | D:11     | Reached skill level 5 in Hexes
 13545 | D:11     | Reached skill level 5 in Charms
 13545 | D:11     | Reached skill level 5 in Summonings
 13545 | D:11     | Reached skill level 5 in Necromancy
 13545 | D:11     | Reached skill level 5 in Translocations
 13545 | D:11     | Reached skill level 5 in Fire Magic
 13545 | D:11     | Reached skill level 5 in Ice Magic
 13545 | D:11     | Reached skill level 5 in Air Magic
 13545 | D:11     | Reached skill level 5 in Earth Magic
 13545 | D:11     | Reached skill level 5 in Poison Magic
 13747 | D:11     | Noticed a cyan ugly thing
 13762 | D:11     | Killed a cyan ugly thing
 14174 | D:11     | Gained mutation: You cannot study or use magical devices. [Ru sacrifice]
 14174 | D:11     | Reached ** piety under Ru
 14174 | D:11     | Reached *** piety under Ru
 14174 | D:11     | Reached **** piety under Ru
 14763 | D:12     | Noticed Nergalle
 14802 | D:12     | Noticed Rupert
 14809 | D:12     | Killed Nergalle
 15273 | D:12     | Found a staircase to the Orcish Mines.
 15307 | D:12     | Killed Rupert
 15307 | D:12     | Reached XP level 12. HP: 53/91 MP: 7/24
 16244 | D:13     | Mangled by a skeletal warrior

Vault maps used:
D:1:      denvon_arrival_planthouse, hangedman_decor_push, chequers_big_river
D:3:      lemuel_round_altar, nicolae_overflow_hidden_temple, first_ration
D:4:      st_stairs_7, serial_bayou_pond_d
D:5:      minitemple, serial_shops, shop, minmay_misc_feat_rows,
          okawaru_ov_weapons_minmay, uniq_duvessa
D:6:      minmay_temple_entry_crystal_x, corexii_item_surrounded_by_moat,
          lemuel_flamethrower_2, uniq_blork_the_orc
D:7:      gammafunk_beogh_shrine
D:8:      serial_shops, shop, basic_altar
D:9:      kennysheep_mini_moat, chequers_temple_overflow_statue_of_worship,
          grunt_ogre_cave
D:10:     lair_entry_dummy, serial_shops, shop_fountains, minivault_19,
          fedhas_altar_1
D:12:     orc_0_dummy, uniq_rupert, uniq_nergalle
Temple:   dshaligram_water_room_temple

Skill      XL: |  1  2  3  4  5  6  7  8  9 10 11 12 |
---------------+-------------------------------------+-----
Spellcasting   | 5 6 7 8 |  8.7
Invocations    | 1 2 3 4 5 6 7 |  7.7
Short Blades   | 1 2 3 4 5 6 7 |  7.0
Long Blades    | 1 2 3 4 5 6 7 |  7.0
Axes           | 1 2 3 4 5 6 7 |  7.0
Maces & Flails | 1 2 3 4 5 6 7 |  7.0
Polearms       | 1 2 3 4 5 6 7 |  7.0
Staves         | 1 2 3 4 5 6 7 |  7.0
Slings         | 1 2 3 4 5 6 7 |  7.0
Bows           | 1 2 3 4 5 6 7 |  7.0
Crossbows      | 1 2 3 4 5 6 7 |  7.0
Throwing       | 1 2 3 4 5 6 7 |  7.0
Armour         | 1 2 3 4 5 6 7 |  7.0
Stealth        | 1 2 3 4 5 6 7 |  7.0
Shields        | 1 2 3 4 5 6 7 |  7.0
Evocations     | 1 2 3 4 5 0 |  0.0
Fighting       | 3 4 5 6 7 |  7.5
Conjurations   | 1 2 3 4 5 |  5.8
Hexes          | 1 2 3 4 5 |  5.8
Charms         | 1 2 3 4 5 |  5.8
Summonings     | 1 2 3 4 5 |  5.8
Necromancy     | 1 2 3 4 5 |  5.8
Translocations | 1 2 3 4 5 |  5.8
Transmutations | 4 5 6 7 |  7.0
Fire Magic     | 1 2 3 4 5 |  5.8
Ice Magic      | 1 2 3 4 5 |  5.8
Air Magic      | 1 2 3 4 5 |  5.8
Earth Magic    | 1 2 3 4 5 |  5.8
Poison Magic   | 1 2 3 4 5 |  5.8
Dodging        | 5 6 7 8 |  8.5
Unarmed Combat | 7 8 9 |  9.6

Action                   |  1- 3 |  4- 6 |  7- 9 | 10-12 || total
-------------------------+-------+-------+-------+-------++-------
Melee: Unarmed           |    63 |    83 |   358 |   546 ||  1050
       Bite              |    13 |     3 |     2 |     1 ||    19
       Headbutt          |     6 |     5 |       |       ||    11
       War axe           |    48 |       |     5 |     6 ||    59
       Kick              |     3 |     3 |       |       ||     6
       Punch             |     1 |     3 |       |       ||     4
       Falchion          |       |       |    15 |       ||    15
       Staff             |       |       |       |     3 ||     3
 Cast: Beastly Appendage |    14 |     6 |       |       ||    20
       Spider Form       |       |     4 |    60 |    60 ||   124
       Sticks to Snakes  |       |       |     1 |     9 ||    10
       Regeneration      |       |       |       |     7 ||     7
       Summon Lightning  |       |       |       |     5 ||     5
Invok: Sacrifice Drink   |       |       |       |     1 ||     1
       Draw Out Power    |       |       |       |     2 ||     2
       Sacrifice Artific |       |       |       |     1 ||     1
Evoke: Wand              |       |       |       |    17 ||    17
  Use: Scroll            |     4 |       |     3 |    10 ||    17
       Potion            |       |       |     4 |     2 ||     6
 Stab: Sleeping          |     2 |     1 |     3 |     4 ||    10
       Distracted        |       |       |       |     3 ||     3
       Invisible         |       |       |       |     1 ||     1
  Eat: Chunk             |     3 |     3 |    17 |    24 ||    47
       Ration            |       |       |     2 |     1 ||     3
Armor: Robe              |    36 |     3 |     6 |     1 ||    46
       Skin              |       |     1 |     9 |    11 ||    21
Dodge: Dodged            |   110 |    51 |   288 |   529 ||   978
Block: Other             |    18 |    11 |    52 |    75 ||   156
       Reflection        |       |     1 |       |     3 ||     4
       Rpst.: Falchion   |       |       |     2 |       ||     2

Table legend:
 A = Spawn XP
 B = Non-spawn XP
 C = Spawn XP percentage of total XP
 D = Spawn monster count
 E = Non-spawn monster count
 F = Spawn count percentage of total count
 G = Total turns spent on level
                    A         B        C        D         E        F      G
               +---------+---------+-------+---------+---------+-------+---------
         Total |       0 |   22275 |   0.0 |       0 |     294 |   0.0 | 16244
               +---------+---------+-------+---------+---------+-------+---------
           D:1 |       0 |      24 |   0.0 |       0 |      14 |   0.0 |   966
           D:2 |       0 |      52 |   0.0 |       0 |      20 |   0.0 |   802
           D:3 |       0 |     263 |   0.0 |       0 |      14 |   0.0 |   609
           D:4 |       0 |     746 |   0.0 |       0 |      37 |   0.0 |  1634
           D:5 |       0 |     974 |   0.0 |       0 |      27 |   0.0 |  1428
           D:6 |       0 |     891 |   0.0 |       0 |      16 |   0.0 |  1675
           D:7 |       0 |    1237 |   0.0 |       0 |      25 |   0.0 |  2152
           D:8 |       0 |     633 |   0.0 |       0 |      13 |   0.0 |  1095
           D:9 |       0 |    1946 |   0.0 |       0 |      19 |   0.0 |  1582
          D:10 |       0 |    3469 |   0.0 |       0 |      29 |   0.0 |  1029
          D:11 |       0 |    4343 |   0.0 |       0 |      42 |   0.0 |  1535
          D:12 |       0 |    6385 |   0.0 |       0 |      34 |   0.0 |  1291
          D:13 |       0 |    1312 |   0.0 |       0 |       4 |   0.0 |   290
               +---------+---------+-------+---------+---------+-------+---------
